 Dungeon Crawl Stone Soup version 0.23.0 (webtiles) character file.

Game seed: 3881306739949249119

84190 LostNumber the Brawler (level 15, 0/156 HPs)
             Began as a Troll Ice Elementalist on Feb 15, 2019.
             Was a Believer of Uskayaw.
             Slain by a harpy (7 damage)
             ... on level 1 of the Shoals.
             The game lasted 00:57:59 (25606 turns).

LostNumber the Brawler (Troll Ice Elementalist)    Turns: 25606, Time: 00:58:00

Health: 0/156      AC: 15    Str: 26    XL:     15   Next: 34%
Magic:  0/16       EV: 10    Int: 12    God:    Uskayaw [**....]
Gold:   2483       SH: 11    Dex: 11    Spells: 15/16 levels left

rFire    . . .     SeeInvis .     - Unarmed
rCold    . . .     Gourm    +   y - +0 shield
rNeg     . . .     Faith    .   V - +0 acid dragon scales
rPois    +         Spirit   +   (helmet restricted)
rElec    .         Reflect  .   q - +2 cloak {MR+}
rCorr    +         Harm     .   (gloves unavailable)
MR       ++...                  (boots unavailable)
Stlth    +.........             L - amulet of guardian spirit
HPRegen  0.76/turn              U - ring of the Octopus King {Wiz AC+1 EV+1 Str+1 Int+1 Dex+1}
MPRegen  0.15/turn              K - ring of poison resistance

@: about to teleport
A: large, unfitting armour, claws 3, fast metabolism 3, gourmand, regeneration
1, shaggy fur 1, tough skin 3
a: Stomp, Line Pass, Renounce Religion


You were on level 1 of the Shoals.
You worshipped Uskayaw.
Uskayaw was noncommittal.
You were completely stuffed.

You visited 6 branches of the dungeon, and saw 25 of its levels.
You also visited: Sewer, Ossuary and Bailey.

You collected 3101 gold pieces.
You spent 618 gold pieces at shops.

Inventory:

Hand Weapons
 E - a +4 whip of electrocution
   (You took it off Pikel on level 9 of the Dungeon)
Missiles
 F - 10 throwing nets (quivered) {!f}
Armour
 a - a +1 robe
 b - a +2 large shield
   (You took it off an orc warlord on level 12 of the Dungeon)
 o - a +1 robe of cold resistance
   (You took it off Erica on level 1 of the Lair of Beasts)
 q - a +2 cloak of magic resistance (worn)
   (You took it off Maurice on level 8 of the Dungeon)
 y - a +0 shield (worn)
   (You took it off a gnoll sergeant on level 8 of the Dungeon)
 H - a +1 cloak
   (You found it on level 12 of the Dungeon)
 S - a +0 troll leather armour
   (You found it on level 6 of the Lair of Beasts)
 V - +0 acid dragon scales (worn)
   (You found it on level 11 of the Dungeon)
Jewellery
 z - a +2 ring of evasion
   (You found it on level 7 of the Dungeon)
 K - a ring of poison resistance (right claw)
   (You found it on level 3 of the Lair of Beasts)
 L - an amulet of guardian spirit (around neck)
   (You found it on level 3 of the Lair of Beasts)
 R - an uncursed amulet of harm {unknown}
   (You found it on level 6 of the Lair of Beasts)
 U - a ring of the Octopus King (left claw) {Wiz AC+1 EV+1 Str+1 Int+1 Dex+1}
   (You found it on level 6 of the Lair of Beasts)

   [ring of wizardry]

   It improves your spell success rate.
   It affects your AC (+1).
   It affects your evasion (+1).
   It affects your strength (+1).
   It affects your intelligence (+1).
   It affects your dexterity (+1).
Wands
 c - a wand of disintegration (16)
   (You took it off a gnoll on level 8 of the Dungeon)
 d - a wand of iceblast (15)
   (You found it on level 5 of the Dungeon)
 t - a wand of flame (16)
   (You found it on level 3 of the Lair of Beasts)
 u - a wand of paralysis (11)
   (You found it on level 4 of the Lair of Beasts)
 v - a wand of digging (5)
   (You took it off a merfolk on level 1 of the Shoals)
 D - a wand of polymorph (1)
   (You took it off Urug on level 1 of the Lair of Beasts)
 X - a wand of enslavement (9)
   (You found it on level 1 of the Shoals)
Scrolls
 h - 5 scrolls of amnesia
 i - 3 scrolls of magic mapping
 k - 8 scrolls of fog
 r - 3 scrolls of enchant armour
 w - 16 scrolls of remove curse {@r2}
 B - 4 scrolls of teleportation {@r4}
 C - a scroll of blinking
 J - a scroll of enchant weapon
 Q - a scroll of brand weapon
 T - a scroll of identify {@r1}
Potions
 f - 7 potions of haste {@q3}
 g - 6 potions of heal wounds {@q2}
 j - 3 potions of ambrosia
 l - 9 potions of curing {@q1}
 m - 8 potions of flight
 n - 2 potions of magic {unknown}
 s - 6 potions of lignification {!q}
 x - a potion of might {unknown}
 A - 4 potions of brilliance
 I - 2 potions of cancellation
 M - a potion of berserk rage
 N - 2 potions of agility
 O - a potion of invisibility {unknown}
 P - 3 potions of mutation {!q}
 W - 2 potions of resistance
Miscellaneous
 p - a phial of floods
   (You found it on level 10 of the Dungeon)
 G - a lamp of fire
   (You found it in a bailey)
Comestibles
 e - 46 rations {!d}


   Skills:
 + Level 11.6 Fighting
 - Level 8.0 Maces & Flails
 - Level 3.8 Armour
 - Level 1.5 Dodging
 - Level 1.0 Stealth
 - Level 9.0 Shields
 * Level 17.1 Unarmed Combat
 - Level 1.2 Spellcasting
   Level 0.6 Conjurations
 - Level 2.1 Ice Magic
 + Level 3.8 Invocations
 - Level 3.8 Evocations


You had 15 spell levels left.
You knew the following spells:

 Your Spells              Type           Power        Failure   Level  Hunger
a - Freeze                Ice            #...         6%          1    ##.....

Your spell library contained the following spells:

 Spells                   Type           Power        Failure   Level  Hunger
 Magic Dart               Conj           #...         12%         1    ##.....
 Throw Frost              Conj/Ice       #.....       12%         2    ###....
 Animate Skeleton         Necr           N/A          14%         1    ##.....
 Apportation              Tloc           #.....       14%         1    ##.....
 Confusing Touch          Hex            #.....       14%         1    ##.....
 Corona                   Hex            #......      14%         1    ##.....
 Sandblast                Erth           #.....       14%         1    ##.....
 Summon Small Mammal      Summ           #...         14%         1    ##.....
 Ensorcelled Hibernation  Hex/Ice        #.....       14%         2    ###....
 Blink                    Tloc           N/A          21%         2    ###....
 Call Imp                 Summ           #.......     21%         2    ###....
 Passwall                 Tmut/Erth      #.......     21%         2    ###....
 Poisonous Vapours        Pois/Air       #.....       21%         2    ###....
 Slow                     Hex            #.......     21%         2    ###....
 Ozocubu's Armour         Chrm/Ice       #.......     26%         3    ####...
 Conjure Flame            Conj/Fire      #.......     34%         3    ####...
 Dazzling Spray           Conj/Hex       #.....       34%         3    ####...
 Mephitic Cloud           Conj/Pois/Air  #.......     34%         3    ####...
 Stone Arrow              Conj/Erth      #.....       34%         3    ####...
 Confuse                  Hex            #.......     38%         3    ####...
 Summon Guardian Golem    Hex/Summ       #.......     38%         3    ####...
 Tukima's Dance           Hex            #.......     38%         3    ####...
 Throw Icicle             Conj/Ice       #.......     58%         4    #####..
 Summon Ice Beast         Ice/Summ       #.......     63%         4    #####..
 Petrify                  Tmut/Erth      #.......     77%         4    #####..
 Summon Lightning Spire   Summ/Air       #.......     77%         4    #####..
 Lee's Rapid Deconstruct  Erth           #.........   98%         5    ######.
 Silence                  Hex/Air        #.........   98%         5    ######.
 Conjure Ball Lightning   Conj/Air       #.........   100%        6    #######
 Deflect Missiles         Chrm/Air       #.........   100%        6    #######
 Freezing Cloud           Conj/Ice/Air   #.........   100%        6    #######
 Ring of Flames           Chrm/Fire      #.........   100%        7    #######
 Discord                  Hex            #.........   100%        8    #######
 Tornado                  Air            #.........   100%        9    #######


Dungeon Overview and Level Annotations

Branches:
Dungeon (14/15)            Temple (1/1) D:5            Lair (6/6) D:11
 Shoals (1/4) Lair:4       Spider (0/4) Lair:2        Slime (1/5) Lair:6
    Orc (2/2) D:12            Elf (0/3) Orc:2
 Vaults: D:13-14

Altars:
Ashenzari
Cheibriados
Dithmenos
Elyvilon
Fedhas
Gozag
Hepliaklqana
Kikubaaqudgha
Makhleb
Nemelex Xobeh
Okawaru
Qazlal
Ru
Sif Muna
Trog
Uskayaw
Vehumet
Wu Jian
Xom
Yredelemnul
Zin
The Shining One
Beogh

Shops:
D:12 =   Orc:2 :[}:!

Annotations:
Lair:2 3 runed translucent doors, exclusion: oklob plant, P0WERM0DE's ghost, novice DDFi


Innate Abilities, Weirdness & Mutations

You are too large for most types of armour.
You have claws for hands.
Your metabolism is lightning-fast.
You like to eat raw meat.
Your natural rate of healing is unusually fast.
You are covered in fur. (AC +1)
You have extremely tough skin. (AC +3)


Message History

A harpy comes into view.
Unknown command.
The harpy screeches! x3
The merfolk aquamancer gestures at you while chanting.
The shard of ice hits you!!
* * * LOW HITPOINT WARNING * * *
The harpy claws you!
* * * LOW HITPOINT WARNING * * *
The harpy claws you but does no damage.
You mangle the merfolk aquamancer!! The harpy closely misses you.
You block the harpy's attack. The harpy claws you but does no damage.
The harpy barely misses you. You block the harpy's attack. The harpy claws you.
* * * LOW HITPOINT WARNING * * *
The merfolk aquamancer points at you and mumbles some strange words.
The ball of steam hits you!!
* * * LOW HITPOINT WARNING * * *
The harpy barely misses you. x2; The harpy claws you but does no damage. x2
You mangle the merfolk aquamancer!!
You are engulfed in a cloud of scalding steam.
The harpy is engulfed in a cloud of scalding steam.
The harpy claws you but does no damage. The harpy claws you.
* * * LOW HITPOINT WARNING * * *
The harpy is engulfed in a cloud of scalding steam.
The merfolk siren chants a haunting song.
You resist with almost no effort.
The merfolk aquamancer is engulfed in a cloud of scalding steam.
The merfolk aquamancer dies!
You can now pass through a line of other dancers.
As you read the scroll of teleportation {@r4}, it crumbles to dust.
You feel strangely unstable.
You are engulfed in a cloud of scalding steam.
* * * LOW HITPOINT WARNING * * *
The harpy is engulfed in a cloud of scalding steam. x2
The harpy claws you.
* * * LOW HITPOINT WARNING * * *
You block the harpy's attack.
The harpy is engulfed in a cloud of scalding steam.
The harpy claws you!
* * * LOW HITPOINT WARNING * * *
You block the harpy's attack.
The harpy is engulfed in a cloud of scalding steam.
The harpy claws you but does no damage. The harpy claws you.
* * * LOW HITPOINT WARNING * * *
The harpy is engulfed in a cloud of scalding steam.
The harpy claws you.
* * * LOW HITPOINT WARNING * * *
You block the harpy's attack.
The harpy is engulfed in a cloud of scalding steam.
The harpy barely misses you. The harpy claws you!
You die...

≈m..≈≈≈≈.....≈≈≈≈≈≈≈≈≈≈≈≈≈≈...
≈≈.≈≈≈≈≈...##≈≈≈≈≈≈≈≈≈≈≈≈≈≈...
≈≈m≈≈≈≈≈.....≈≈≈≈≈≈≈≈≈≈≈≈.....
≈PEP≈≈≈≈≈≈≈≈≈≈≈≈≈≈≈≈≈≈≈≈......
PPPP≈≈≈≈..m.≈≈≈≈≈≈≈≈≈≈≈......#
PPPP≈≈≈[m≈≈c.≈≈≈≈≈≈≈≈≈≈......#
P≈≈....≈##≈#.Em≈≈≈≈≈≈≈≈.##.≈≈≈
)P......#####H§≈)..≈≈≈≈....≈≈≈
..##≈H.## #@HH.(.)≈≈≈≈≈≈≈≈≈≈ ≈
#≈.. ##HH..)(≈≈≈≈..≈≈≈≈≈ ≈≈≈≈.
#§§§....≈(≈...≈≈≈≈≈ ≈≈≈≈m.
#####..≈≈≈....≈≈≈≈≈ ≈≈≈≈..
##.≈≈.....≈≈≈≈≈ ##.≈≈....≈≈≈≈≈
#......≈≈≈≈≈≈ ##.....≈≈≈≈≈≈
##....≈≈≈≈≈≈


You could see a merfolk, a faun, a water elemental, a merfolk siren and 5
harpies.

Vanquished Creatures
  A tengu reaver (D:11)
  2 orc warlords
  A stone giant (Orc:1)
  2 ettins
  A merfolk impaler (Shoals:1)
  A catoblepas (Lair:6)
  4 hydras
  Fannar (Orc:1)
  Erica (Lair:1)
  A merfolk avatar (Shoals:1)
  2 centaur warriors
  5 two-headed ogres
  A deep troll shaman (Lair:6)
  An orc high priest (Orc:2)
  4 death yaks (Lair:6)
  Sonja (Lair:1)
  Nergalle (D:11)
  3 skeletal warriors (D:13)
  A sea snake (Shoals:1)
  An unseen horror (D:12)
  A lindwurm (Lair:6)
  Pikel (D:9)
  5 ugly things (D:13)
  A wolf spider (D:10)
  3 fauns (Shoals:1)
  6 orc sorcerers
  3 cyclopes
  7 elephants
  Maurice (D:8)
  A manticore (D:10)
  3 black mambas
  Joseph (D:7)
  A water nymph (Shoals:1)
  15 spiny frogs
  A spiny frog (shapeshifter) (D:14)
  6 komodo dragons
  A kobold demonologist (D:13)
  A rime drake (Lair:4)
  An efreet (D:13)
  A yaktaur (Lair:5)
  2 jumping spiders (Lair:2)
  3 trolls
  4 slime creatures
  3 polar bears
  5 merfolk
  2 snapping turtles (Shoals:1)
  17 blink frogs
  6 hippogriffs
  11 dream sheep
  2 shadows
  2 redbacks (Lair:2)
  2 wraiths
  5 wyverns
  25 yaks
  3 water elementals (Shoals:1)
  A steam dragon (D:12)
  7 hungry ghosts
  2 basilisks
  3 vampire mosquitoes
  7 wargs
  A two-headed ogre zombie (D:12)
  2 acid dragons
  Edmund (D:5)
  13 water moccasins
  A soldier ant (D:13)
  12 porcupines
  24 orc warriors
  19 ogres
  2 ice beasts
  6 sky beasts
  3 black bears
  3 slaves (D:9)
  4 eyes of draining
  4 phantoms
  A necrophage (D:6)
  9 wolves
  9 centaurs
  14 crocodiles
  An elf zombie (Ossuary)
  9 big kobolds
  10 gnoll sergeants
  14 bullfrogs
  A wyvern skeleton (D:10)
  5 scorpions
  3 water moccasin skeletons
  3 troll zombies (D:12)
  8 killer bees
  8 wights
  4 howler monkeys
  6 crimson imps
  4 bullfrog zombies
  4 centaur zombies
  4 quasits
  10 hounds
  An iron imp (D:7)
  12 jellies
  6 gnoll shamans (Bailey)
  2 bullfrog skeletons
  30 orc priests
  2 centaur skeletons
  6 iguanas
  28 orc wizards
  11 worker ants
  A big kobold zombie (Ossuary)
  4 ogre zombies (D:12)
  A hound skeleton (D:11)
  2 mummies (Ossuary)
  29 gnolls
  A howler monkey skeleton (D:10)
  28 adders
  2 river rats (Sewer)
  7 shadow imps
  An ooze (D:1)
  2 adder zombies (Ossuary)
  A worm (D:3)
  3 dart slugs
  6 leopard geckos
  85 orcs
  2 ball pythons
  7 bats
  7 giant cockroaches
  8 goblins
  8 hobgoblins
  23 jackals
  2 quokkas
  13 frilled lizards
  A goblin skeleton (D:12)
  3 goblin zombies
  2 hobgoblin skeletons (D:12)
  13 hobgoblin zombies
  2 jackal zombies
  29 kobolds
  14 kobold zombies
  A leopard gecko zombie (D:7)
  3 orc skeletons (D:12)
  21 orc zombies
  13 rats
872 creatures vanquished.

Vanquished Creatures (collateral kills)
  Snorg (Lair:4)
  Urug (Lair:1)
2 creatures vanquished.

Vanquished Creatures (others)
  A merfolk aquamancer (Shoals:1)
  An unseen horror (D:13)
  A bullfrog (D:13)
  5 fungi
  A plant (Lair:2)
9 creatures vanquished.

Grand Total: 883 creatures vanquished

Notes
Turn   | Place    | Note
-------+----------+-------------------------------------------
     0 | D:1      | LostNumber the Troll Ice Elementalist began the quest for
                  | the Orb.
     0 | D:1      | Reached XP level 1. HP: 16/16 MP: 1/1
   484 | D:1      | Reached skill level 1 in Unarmed Combat
   538 | D:1      | Reached XP level 2. HP: 26/26 MP: 2/2
   772 | D:1      | Reached skill level 1 in Fighting
   777 | D:1      | Reached skill level 2 in Unarmed Combat
   859 | D:1      | Reached XP level 3. HP: 28/33 MP: 3/3
  1122 | D:2      | Reached skill level 3 in Unarmed Combat
  1122 | D:2      | Reached XP level 4. HP: 41/41 MP: 4/4
  1356 | D:2      | Noticed an ogre
  1364 | D:2      | Killed an ogre
  1364 | D:2      | Reached skill level 4 in Unarmed Combat
  1364 | D:2      | Reached XP level 5. HP: 31/49 MP: 5/5
  1651 | D:3      | Found a glowing drain.
  1750 | D:3      | Reached XP level 6. HP: 53/59 MP: 6/6
  1762 | Sewer    | Entered a sewer
  1894 | Sewer    | Reached skill level 5 in Unarmed Combat
  1962 | Sewer    | Found a glowing silver altar of Zin.
  2538 | D:3      | Found a glowing silver altar of Zin.
  2641 | D:3      | Reached XP level 7. HP: 67/67 MP: 7/7
  2773 | D:3      | Found a deep blue altar of Sif Muna.
  2774 | D:3      | Found a basalt altar of Yredelemnul.
  2856 | D:4      | Reached skill level 6 in Unarmed Combat
  3736 | D:5      | Entered Level 5 of the Dungeon
  3736 | D:5      | Noticed Edmund
  3760 | D:5      | Killed Edmund
  3760 | D:5      | Reached skill level 7 in Unarmed Combat
  3907 | D:5      | Reached XP level 8. HP: 73/78 MP: 8/8
  3945 | D:5      | Found a white marble altar of Elyvilon.
  4007 | D:5      | Found a staircase to the Ecumenical Temple.
  4025 | Temple   | Entered the Ecumenical Temple
  4253 | D:5      | Reached skill level 8 in Unarmed Combat
  4388 | D:5      | Found a sparkling altar of Nemelex Xobeh.
  4442 | D:5      | Found a burning altar of Makhleb.
  4816 | D:6      | Reached skill level 5 in Fighting
  4845 | D:5      | Reached skill level 9 in Unarmed Combat
  5036 | D:6      | Found a stormy altar of Qazlal.
  5291 | D:6      | Found a stormy altar of Qazlal.
  5445 | D:7      | Reached XP level 9. HP: 86/87 MP: 9/9
  5468 | D:7      | Found a shattered altar of Ashenzari.
  5563 | D:7      | Found an opulent altar of Gozag.
  5566 | D:7      | Found a bloodstained altar of Trog.
  5569 | D:7      | Found an ornate altar of the Wu Jian Council.
  5594 | D:7      | Noticed Joseph
  5609 | D:7      | Killed Joseph
  5609 | D:7      | Reached skill level 10 in Unarmed Combat
  5699 | D:7      | Found a sand-covered staircase.
  5707 | Ossuary  | Entered an ossuary
  5940 | D:7      | Found a snail-covered altar of Cheibriados.
  6123 | D:7      | Found a blossoming altar of Fedhas.
  6245 | D:7      | Reached skill level 11 in Unarmed Combat
  6764 | D:8      | Noticed Maurice
  6809 | D:8      | Killed Maurice
  6809 | D:8      | Reached XP level 10. HP: 60/99 MP: 10/10
  7001 | D:8      | Found an ornate altar of the Wu Jian Council.
  7221 | D:8      | Reached skill level 12 in Unarmed Combat
  7732 | D:8      | Reached skill level 1 in Shields
  8008 | D:9      | Noticed Pikel
  8043 | D:9      | Killed Pikel
  8306 | D:9      | Noticed a two-headed ogre
  8311 | D:9      | Killed a two-headed ogre
  8311 | D:9      | Reached skill level 1 in Maces & Flails
  8542 | D:9      | Found a shadowy altar of Dithmenos.
  8701 | D:9      | Reached XP level 11. HP: 110/110 MP: 11/11
  8760 | D:10     | Entered Level 10 of the Dungeon
  9252 | D:10     | Noticed a two-headed ogre
  9258 | D:10     | Killed a two-headed ogre
  9290 | D:10     | Noticed a two-headed ogre
  9296 | D:10     | Killed a two-headed ogre
  9296 | D:10     | Reached skill level 5 in Shields
  9297 | D:10     | Found a shadowy altar of Dithmenos.
  9345 | D:10     | Noticed a wolf spider
  9354 | D:10     | Killed a wolf spider
  9573 | D:10     | Noticed a centaur warrior
  9579 | D:10     | Killed a centaur warrior
  9579 | D:10     | Reached skill level 13 in Unarmed Combat
 10167 | D:11     | Found a flagged portal.
 10177 | Bailey   | Entered a bailey
 10760 | Bailey   | Identified the Incunabulum of Sinister Rituals and
                  | Beguiling
 10906 | D:11     | Found a staircase to the Lair.
 10971 | D:11     | Found an iron altar of Okawaru.
 11020 | D:11     | Noticed an ettin
 11020 | D:11     | Noticed Nergalle
 11020 | D:11     | Noticed a tengu reaver
 11108 | D:11     | Killed an ettin
 11108 | D:11     | Reached XP level 12. HP: 103/122 MP: 12/12
 11199 | Lair:1   | Entered Level 1 of the Lair of Beasts
 11276 | Lair:1   | Noticed a four-headed hydra
 11297 | Lair:1   | Killed a four-headed hydra
 11432 | Lair:1   | Noticed Sonja
 11435 | Lair:1   | Killed Sonja
 11501 | Lair:1   | Reached skill level 5 in Maces & Flails
 11820 | Lair:1   | Noticed Erica
 11910 | Lair:1   | Killed Erica
 12386 | Lair:1   | Noticed Urug
 12500 | Lair:1   | Killed Urug
 13258 | Lair:2   | Found a hole to the Spider Nest.
 13477 | Lair:2   | Found a runed translucent gate.
 13480 | Lair:2   | Found a runed translucent gate.
 13481 | Lair:2   | Found a runed translucent gate.
 13482 | Lair:2   | Noticed P0WERM0DE's ghost (novice DDFi)
 14170 | Lair:3   | Reached XP level 13. HP: 111/132 MP: 13/13
 14270 | Lair:3   | Found a shimmering altar of Xom.
 15145 | Lair:4   | Reached skill level 14 in Unarmed Combat
 15342 | Lair:4   | Reached skill level 1 in Evocations
 15433 | Lair:4   | Noticed Snorg
 15461 | Lair:4   | Killed Snorg
 15769 | Lair:4   | Found a staircase to the Shoals.
 16017 | Lair:4   | Reached skill level 10 in Fighting
 16208 | Lair:5   | Noticed Nessos
 16209 | Lair:5   | Noticed Nessos
 16209 | Lair:5   | Nessos changed into Nessos the yaktaur
 16227 | Lair:5   | Killed Nessos the yaktaur
 17298 | Lair:6   | Entered Level 6 of the Lair of Beasts
 18401 | Lair:6   | Reached skill level 15 in Unarmed Combat
 18492 | Lair:6   | Found a staircase to the Slime Pits.
 18882 | Lair:6   | Reached XP level 14. HP: 80/144 MP: 9/15
 19192 | Lair:6   | Found the ring of the Octopus King
 19215 | Lair:6   | Got a ring of the Octopus King
 19217 | Lair:6   | Identified a ring of the Octopus King {Wiz AC+1 EV+1 Str+1
                  | Int+1 Dex+1} (You found it on level 6 of the Lair of
                  | Beasts)
 19303 | Slime:1  | Entered Level 1 of the Pits of Slime
 19303 | Slime:1  | Noticed an acid blob
 19303 | Slime:1  | Noticed an azure jelly
 19491 | D:11     | Killed Nergalle
 19594 | D:11     | Found a bloodstained altar of Trog.
 19594 | D:11     | Found a basalt altar of Yredelemnul.
 19864 | D:11     | Killed a tengu reaver
 19864 | D:11     | Reached skill level 1 in Armour
 20241 | D:12     | Found a staircase to the Orcish Mines.
 20741 | D:12     | Found Juutoam's Jewellery Shoppe.
 21256 | D:13     | Reached skill level 16 in Unarmed Combat
 22103 | Temple   | Became a worshipper of Uskayaw the Reveler
 22314 | D:13     | Reached * piety under Uskayaw
 22425 | Orc:1    | Entered Level 1 of the Orcish Mines
 22437 | Orc:1    | Reached ** piety under Uskayaw
 22441 | Orc:1    | Reached *** piety under Uskayaw
 22443 | Orc:1    | Reached **** piety under Uskayaw
 22613 | Orc:1    | Noticed an orc warlord
 22708 | D:12     | Killed an orc warlord
 22883 | Orc:1    | Reached skill level 1 in Invocations
 23036 | Orc:1    | Noticed a stone giant
 23040 | Orc:1    | Found a roughly hewn altar of Beogh.
 23040 | Orc:1    | Noticed Fannar
 23151 | Orc:1    | Killed Fannar
 23189 | Orc:1    | Killed a stone giant
 23222 | Orc:1    | Noticed an orc warlord
 23242 | Orc:1    | Reached ***** piety under Uskayaw
 23248 | Orc:1    | Killed an orc warlord
 23479 | Orc:2    | Entered Level 2 of the Orcish Mines
 23484 | Orc:2    | Found Xokimn's Distillery.
 23517 | Orc:2    | Bought a potion of resistance for 120 gold pieces
 23517 | Orc:2    | Bought a potion of mutation for 96 gold pieces
 23517 | Orc:2    | Bought a potion of agility for 48 gold pieces
 23517 | Orc:2    | Bought a potion of curing for 36 gold pieces
 23517 | Orc:2    | Bought a potion of heal wounds for 60 gold pieces
 23517 | Orc:2    | Bought a potion of berserk rage for 60 gold pieces
 23517 | Orc:2    | Bought a potion of curing for 36 gold pieces
 23517 | Orc:2    | Bought a potion of curing for 36 gold pieces
 23817 | Orc:2    | Reached XP level 15. HP: 88/154 MP: 8/16
 24097 | Orc:2    | Found Fokuug's Armour Shop.
 24097 | Orc:2    | Found Haru's Book Shop.
 24097 | Orc:2    | Found Ugrag's Gadget Boutique.
 24311 | Orc:2    | Found a staircase to the Elven Halls.
 24677 | Orc:2    | Found Teuvy's Book Boutique.
 24682 | Orc:2    | Bought a wand of paralysis (7) for 126 gold pieces
 25155 | Shoals:1 | Entered Level 1 of the Shoals
 25267 | Shoals:1 | Reached skill level 17 in Unarmed Combat
 25606 | Shoals:1 | HP: 7/156 [harpy (6)]
 25606 | Shoals:1 | Slain by a harpy

Skill      XL: |  1  2  3  4  5  6  7  8  9 10 11 12 13 14 15 |
---------------+----------------------------------------------+-----
Unarmed Combat | 1 2 3 4 5 7 9 11 12 13 15 16 17 | 17.1
Fighting       | 1 2 3 4 5 6 7 8 9 10 11 | 11.6
Shields        | 4 6 8 9 |  9.0
Maces & Flails | 2 4 6 7 8 |  8.0
Evocations     | 3 |  3.8
Armour         | 3 |  3.8
Invocations    | 2 3 |  3.8
Dodging        | |  1.5
Stealth        | |  1.0
Spellcasting   | |  1.2
Conjurations   | |  0.6
Ice Magic      | |  2.1

Action                   |  1- 3 |  4- 6 |  7- 9 | 10-12 | 13-15 || total
-------------------------+-------+-------+-------+-------+-------++-------
Melee: Unarmed           |   116 |   220 |   429 |   778 |  1293 ||  2836
       Punch             |       |       |    11 |    40 |       ||    51
       Whip              |       |       |       |     9 |    42 ||    51
Invok: Stomp             |       |       |       |       |     3 ||     3
Evoke: Wand              |       |       |     2 |    11 |     4 ||    17
       Lamp of fire      |       |       |       |     1 |       ||     1
       Phial of floods   |       |       |       |     1 |       ||     1
       Sack of spiders   |       |       |       |       |     1 ||     1
  Use: Scroll            |       |       |    10 |    11 |     8 ||    29
       Potion            |       |       |       |     7 |     3 ||    10
 Stab: Sleeping          |     2 |     3 |     4 |     6 |       ||    15
       Distracted        |       |       |       |       |     1 ||     1
       Paralysed         |       |       |       |       |    29 ||    29
  Eat: Chunk             |    16 |    14 |    46 |    89 |   113 ||   278
       Ration            |       |       |       |       |     1 ||     1
Armor: Robe              |    61 |   100 |   156 |   184 |    82 ||   583
       Skin              |       |       |       |    17 |       ||    17
       Acid dragon scale |       |       |       |       |   266 ||   266
       Troll leather arm |       |       |       |       |     4 ||     4
Dodge: Dodged            |    59 |   142 |   213 |   338 |   364 ||  1116
Block: Shield            |       |       |       |    55 |   610 ||   665
